 Seeded DCSS version 0.29-a0-664-gff9cad4a3d (webtiles) character file.

Game seed: 10802498693541890562 (custom seed)

6 wilfster70 the Chiller (level 1, 0/10 HPs)
             Began as a Gargoyle Ice Elementalist on June 22, 2022.
             Hit by a stone thrown by a kobold (2 damage)
             ... on level 1 of the Dungeon.
             The game lasted 00:01:27 (403 turns).

wilfster70 the Chiller (Gargoyle Ice Elementalist)   Turns: 403, Time: 00:01:28

Health: 0/10       AC:  4    Str: 11    XL:     1   Next: 90%
Magic:  1/3        EV: 11    Int: 15    God:
Gold:   19         SH:  0    Dex: 10    Spells: 3/4 levels left

rFire   . . .      SeeInvis .   a - +0 dagger (venom)
rCold   . . .      Faith    .   (no shield)
rNeg    + . .      Spirit   .   c - +0 robe
rPois   ∞          Reflect  .   (no helmet)
rElec   +          Harm     .   (no cloak)
rCorr   .          Rampage  .   (no gloves)
Will    .....                   (no boots)
Stlth   ++........              (no amulet)
HPRegen 0.03/turn               (no ring)
MPRegen 0.08/turn               (no ring)

@: no status effects
A: sickness immunity, AC +2, negative energy resistance 1, electricity
resistance, torment resistance 1, petrification resistance
a: no special abilities


You were on level 1 of the Dungeon.
You visited 1 branch of the dungeon, and saw 1 of its levels.

You collected 19 gold pieces.

Inventory:

Hand Weapons
 a - a +0 dagger of venom (weapon)
Armour
 c - a +0 robe (worn)
Potions
 b - a potion of magic


   Skills:
 - Level 1.5 Dodging
 - Level 2.1 Stealth
 + Level 2.2 Spellcasting
 + Level 4.1 Ice Magic


You had 3 spell levels left.
You knew the following spells:

 Your Spells              Type           Power      Damage    Failure   Level
a - Freeze                Ice            56%        1d7       4%          1

Your spell library contained the following spells:

 Spells                   Type           Power      Damage    Failure   Level
 Frozen Ramparts          Ice            28%        1d4       12%         3
 Ozocubu's Armour         Ice            14%        N/A       12%         3
 Hailstorm                Conj/Ice       7%         3d4       67%         4


Dungeon Overview and Level Annotations

Branches:
Dungeon (1/15)

Altars:

Shops:
D:1 *


Innate Abilities, Weirdness & Mutations

You are immune to sickness and miasma.
Your stone body is resilient. (AC +2)
You are immune to poison.
You resist negative energy. (rN+)
You are resistant to electric shocks. (rElec)
You are resistant to unholy torment.
You are immune to petrification.


Message History

Casting: Freeze (safe; 4% risk of failure)
Confirm with . or Enter, or press ? or * to list all spells.
Aiming: Freeze (safe; 4% risk of failure)
Press: ? - help, Shift-Dir - straight line, f - endoplasm
Aim: an endoplasm You freeze the endoplasm.
The endoplasm is almost dead.
The endoplasm freezes you.
You are frozen.
Casting: Freeze (safe; 4% risk of failure)
Confirm with . or Enter, or press ? or * to list all spells.
Aiming: Freeze (safe; 4% risk of failure)
Press: ? - help, Shift-Dir - straight line, f/p - endoplasm
Aim: an endoplasm (almost dead)
You freeze the endoplasm.
You kill the endoplasm!
Casting: Freeze (safe; 4% risk of failure)
Confirm with . or Enter, or press ? or * to list all spells.
Aiming: Freeze (safe; 4% risk of failure)
Press: ? - help, Shift-Dir - straight line, f - kobold
Aim: a kobold, wielding a +0 dagger and quivering stones You freeze the kobold.
The kobold is moderately wounded.
The kobold hits you with a +0 dagger.
* * * LOW HITPOINT WARNING * * *
Casting: Freeze (safe; 4% risk of failure)
Confirm with . or Enter, or press ? or * to list all spells.
You don't have enough magic to cast this spell.
You miss the kobold.
The kobold is moderately wounded.
The kobold hits you with a +0 dagger.
* * * LOW HITPOINT WARNING * * *
You miss the kobold.
The kobold is moderately wounded.
The kobold barely misses you. The kobold attacks as you move away!
The kobold closely misses you.
The kobold throws a stone.
The stone hits you but does no damage.
You see here a +0 scale mail.
The kobold throws a stone.
The stone hits you.
You die...

###.#### .. #.#
#......# .. #.#
#.#.##.# . #.#
#.#.##.# #. ###.#
##.#.##.# #.### #...#
#...###.# ...# #.###
#'''#...########.###
#.#
#...#####.......[K.#
#.# #...#
#.###.@#.#.###.#
##...##
...#........).#
#.....# ......#.#####
##.....## ###...##.#
#...≈...# #.###...##.#
#...≈...###.......†..#
...≈≈≈...######...####
...≈≈§.§.## #>..#
..≈≈≈§≈§..# #...#####.


You could see a kobold.

Vanquished Creatures
  An endoplasm (D:1)
  A giant cockroach (D:1)
  A hobgoblin (D:1)
  A bat (D:1)
  2 kobolds (D:1)
6 creatures vanquished.

Notes
Turn   | Place    | Note
-------+----------+-------------------------------------------
     0 | D:1      | wilfster70 the Gargoyle Ice Elementalist began the quest
                  | for the Orb.
     0 | D:1      | Reached XP level 1. HP: 10/10 MP: 3/3
   370 | D:1      | Found Ucketis's Assorted Antiques.
   403 | D:1      | Hit by a stone thrown by a kobold

Illustrated notes

Levels and vault maps discovered:
D:1:      lemuel_arrival_funnel, layout_loops_cross, serial_shops, shop,
          serial_bayou_lake_a

Action                   || total
-------------------------++-------
Melee: Dagger            ||     5
       Mace              ||     1
 Cast: Freeze            ||     7
Armor: Robe              ||     6
Dodge: Dodged            ||     6

Table legend: (Time is in decaauts)
 A = Elapsed time spent in this place.
 B = Non-inter-level travel time spent in this place.
 C = Inter-level travel time spent in this place.
 D = Time resting spent in this place.
 E = Time spent auto-exploring this place.
 F = Levels seen in this place.
 G = Mean time per level.
                   A        B        C        D        E       F      G
               +--------+--------+--------+--------+--------+-----+--------+
         Total |    402 |    402 |      0 |    220 |     76 |   1 |  402.0 |
       Dungeon |    402 |    402 |      0 |    220 |     76 |   1 |  402.0 |
               +--------+--------+--------+--------+--------+-----+--------+

Top non-repeatable levels by time:
     D:1: 402 daAuts
